[Event "GambitGuide"]
[Site "Internet Chess Club"]
[Date "2014.10.30"]
[Round "1"]
[White "JSBach"]
[Black "Zheus"]
[Result "1-0"]
[ICCResult "Black checkmated"]
[WhiteElo "1662"]
[BlackElo "2019"]
[Opening "Vienna: `Frankenstein-Dracula' variation"]
[ECO "C27"]
[NIC "VG.02"]
[Time "17:12:38"]
[TimeControl "120+12"]

1. e4 e5 2. Nc3 Nf6 3. Bc4 Nxe4 4. Qh5 Nd6 5. Bb3 Nc6 6. Nb5 g6 7. Qf3 f5 8.
Qd5 Qe7 9. Nxc7+ Kd8 10. Nxa8 b6 11. Ba4 Bb7 12. Nxb6 axb6 13. Qb3 Kc7 14.
Ne2 Na5 15. Qh3 Qf6 16. O-O g5 17. Re1 g4 18. Qc3+ Kb8 19. Bxd7 Bg7 20. Qb4
Ka7 21. c3 h5 22. d4 h4 23. dxe5 Qxe5 24. Bf4 Qf6 25. Bxd6 h3 26. Bc5 Ba6
27. Qxa5 bxc5 28. Qxc5+ Qb6 29. Qxb6+ Kxb6 30. gxh3 Rxh3 31. Bxf5 Be5 32.
Ng3 Bxg3 33. hxg3 Rxg3+ 34. fxg3 Be2 35. Rxe2 Kb5 36. a4+ Kb6 37. a5+ Kb5
38. a6 Kb6 39. a7 Kb5 40. a8=Q Kb6 41. Ra6+ Kb5 42. Qc6# {Black checkmated}
1-0

[Event "GambitGuide"]
[Site "Internet Chess Club"]
[Date "2014.10.30"]
[Round "1"]
[White "JSBach"]
[Black "RonJB"]
[Result "1-0"]
[ICCResult "Black resigns"]
[WhiteElo "1662"]
[BlackElo "1605"]
[Opening "Vienna: `Frankenstein-Dracula' variation"]
[ECO "C27"]
[NIC "VG.02"]
[Time "17:10:53"]
[TimeControl "120+12"]

1. e4 e5 2. Nc3 Nf6 3. Bc4 Nxe4 4. Qh5 Nd6 5. Bb3 Nc6 6. Nb5 g6 7. Qf3 f5 8.
Qd5 Qe7 9. Nxc7+ Kd8 10. Nxa8 b6 11. Ba4 Bb7 12. Nxb6 axb6 13. Qb3 Nc8 14.
Ne2 Qb4 15. Qf7 Qe7 16. Qxe7+ N8xe7 17. c3 d5 18. d3 h5 19. Be3 Kc7 20. d4
Bh6 21. Bxh6 Rxh6 22. Bxc6 Nxc6 23. Rd1 g5 24. dxe5 Nxe5 25. f4 Nc4 26. fxg5
Re6 27. b3 Ne3 28. Nd4 Re5 29. Nf3 Re8 30. Rd3 Nxg2+ 31. Kf2 Nf4 32. Rd2 Ba6
33. h4 Ne2 34. Re1 {Black resigns} 1-0

[Event "GambitGuide"]
[Site "Internet Chess Club"]
[Date "2014.10.30"]
[Round "1"]
[White "JSBach"]
[Black "fishhead"]
[Result "1-0"]
[ICCResult "Black resigns"]
[WhiteElo "1662"]
[BlackElo "1597"]
[Opening "Vienna: `Frankenstein-Dracula' variation"]
[ECO "C27"]
[NIC "VG.02"]
[Time "17:13:01"]
[TimeControl "120+12"]

1. e4 e5 2. Nc3 Nf6 3. Bc4 Nxe4 4. Qh5 Nd6 5. Bb3 Nc6 6. Nb5 g6 7. Qf3 f5 8.
Qd5 Qe7 9. Nxc7+ Kd8 10. Nxa8 b6 11. Ba4 Bb7 12. Nxb6 axb6 13. Qb3 b5 14.
Nf3 bxa4 15. Qxa4 Bg7 16. O-O h6 17. Re1 e4 18. h3 Qf6 19. Nh2 Qd4 20. Qxd4
Bxd4 21. c3 Bb6 22. a4 Ke7 23. d4 Na5 24. Bf4 Nb3 25. Ra3 Bd5 26. Nf3 Nc4
27. Rxb3 {Black resigns} 1-0

[Event "GambitGuide"]
[Site "Internet Chess Club"]
[Date "2014.10.30"]
[Round "1"]
[White "JSBach"]
[Black "Zheus"]
[Result "1-0"]
[ICCResult "Black resigns"]
[WhiteElo "1662"]
[BlackElo "2019"]
[Opening "Vienna: `Frankenstein-Dracula' variation"]
[ECO "C27"]
[NIC "VG.02"]
[Time "17:13:48"]
[TimeControl "120+12"]

1. e4 e5 2. Nc3 Nf6 3. Bc4 Nxe4 4. Qh5 Nd6 5. Bb3 Nc6 6. Nb5 g6 7. Qf3 f5 8.
Qd5 Qe7 9. Nxc7+ Kd8 10. Nxa8 b6 11. Ba4 Bb7 12. Nxb6 axb6 13. Qb3 Kc7 14.
Ne2 Na5 15. Qh3 Bc6 16. Bxc6 dxc6 17. Qd3 e4 18. Qa6 Ndb7 19. d4 Bg7 20.
Bf4+ Nd6 21. b4 Nb7 22. O-O g5 23. Be3 f4 24. Bd2 h5 25. h4 e3 26. fxe3 fxe3
27. Bc3 gxh4 28. Rf4 Bf6 29. Raf1 Bg5 30. R4f3 Rg8 31. a4 Ne4 32. Rf7 h3 33.
a5 hxg2 34. Rxe7+ Bxe7 35. Rf7 Kd6 36. Qxb7 {Black resigns} 1-0

[Event "GambitGuide"]
[Site "Internet Chess Club"]
[Date "2014.10.30"]
[Round "1"]
[White "JSBach"]
[Black "fishhead"]
[Result "1-0"]
[ICCResult "Black resigns"]
[WhiteElo "1662"]
[BlackElo "1597"]
[Opening "Vienna: `Frankenstein-Dracula' variation"]
[ECO "C27"]
[NIC "VG.02"]
[Time "17:15:04"]
[TimeControl "120+12"]

1. e4 e5 2. Nc3 Nf6 3. Bc4 Nxe4 4. Qh5 Nd6 5. Bb3 Nc6 6. Nb5 g6 7. Qf3 f5 8.
Qd5 Qe7 9. Nxc7+ Kd8 10. Nxa8 b6 11. Ba4 Bb7 12. Nxb6 axb6 13. Qb3 b5 14.
Nf3 bxa4 15. Qxa4 Nf7 16. Qb5 Bc8 17. O-O Bg7 18. Re1 d6 19. Qxc6
{Black resigns}
1-0

[Event "GambitGuide"]
[Site "Internet Chess Club"]
[Date "2014.10.30"]
[Round "1"]
[White "JSBach"]
[Black "mikyoo"]
[Result "0-1"]
[ICCResult "White checkmated"]
[WhiteElo "1662"]
[BlackElo "1387"]
[Opening "Vienna: `Frankenstein-Dracula' variation"]
[ECO "C27"]
[NIC "VG.02"]
[Time "17:09:45"]
[TimeControl "120+12"]

1. e4 e5 2. Nc3 Nf6 3. Bc4 Nxe4 4. Qh5 Nd6 5. Bb3 Nc6 6. Nb5 g6 7. Qf3 f5 8.
Qd5 Qe7 9. Nxc7+ Kd8 10. Nxa8 b6 11. Ba4 Bb7 12. Nxb6 axb6 13. Qb3 b5 14.
Nf3 bxa4 15. Qxa4 e4 16. Nd4 Nxd4 17. Qxd4 Bg7 18. Qc5 Re8 19. Qb6+ Kc8 20.
O-O f4 21. Re1 f3 22. Qc5+ Bc6 23. gxf3 Be5 24. fxe4 Qg5+ 25. Kh1 Qf4 26.
Kg1 Qxh2+ 27. Kf1 Qh1+ 28. Ke2 Qxe4+ 29. Qe3 Qxc2 30. Kf1 Bxb2 31. Qxe8+
Nxe8 32. Rxe8+ Kc7 33. Bxb2 Qxb2 34. Rae1 Qxd2 35. R8e7 Qd3+ 36. Kg1 Qd5 37.
Kf1 Qg2+ 38. Ke2 Qf3+ 39. Kf1 Bb5+ 40. Kg1 Qg4+ 41. Kh2 h5 42. R1e4 Qf5 43.
f4 Bc6 44. Rc4 Qd5 45. Rc2 Qf3 46. Rf7 h4 47. Rxc6+ Kxc6 48. Rf6+ Kc7 49.
Rxg6 Qxf4+ 50. Kh3 Qf5+ 51. Rg4 Qf3+ 52. Kxh4 Qf2+ 53. Rg3 Qxa2 54. Rg7 Kc6
55. Rg6+ d6 56. Kg3 Qd2 57. Kh3 Qe3+ 58. Kg4 Qg1+ 59. Kh5 Qxg6+ 60. Kxg6 Kc5
61. Kf6 Kc4 62. Kg6 d5 63. Kf5 d4 64. Kg4 Kc3 65. Kg3 d3 66. Kf2 Kc2 67. Ke3
d2 68. Ke4 d1=Q 69. Ke5 Qd3 70. Ke6 Qd4 71. Kf5 Kd3 72. Kg5 Qe4 73. Kf6 Kd4
74. Kf7 Qe5 75. Kg6 Qf4 76. Kg7 Qf5 77. Kh6 Qg4 78. Kh7 Ke5 79. Kh6 Kf6 80.
Kh7 Qg7# {White checkmated} 0-1

[Event "GambitGuide"]
[Site "Internet Chess Club"]
[Date "2014.10.30"]
[Round "1"]
[White "JSBach"]
[Black "PennShawn"]
[Result "1-0"]
[ICCResult "Black resigns"]
[WhiteElo "1662"]
[BlackElo "1369"]
[Opening "Vienna: `Frankenstein-Dracula' variation"]
[ECO "C27"]
[NIC "VG.02"]
[Time "17:14:50"]
[TimeControl "120+12"]

1. e4 e5 2. Nc3 Nf6 3. Bc4 Nxe4 4. Qh5 Nd6 5. Bb3 Nc6 6. Nb5 g6 7. Qf3 f5 8.
Qd5 Qe7 9. Nxc7+ Kd8 10. Nxa8 b6 11. Ba4 Bg7 12. Bxc6 dxc6 13. Qb3 Ba6 14.
Nxb6 Qg5 15. Qa3 Qxg2 16. Qxd6+ {Black resigns} 1-0

[Event "GambitGuide"]
[Site "Internet Chess Club"]
[Date "2014.10.30"]
[Round "1"]
[White "JSBach"]
[Black "dnmuscg"]
[Result "1-0"]
[ICCResult "Black resigns"]
[WhiteElo "1662"]
[BlackElo "1659"]
[Opening "Vienna: `Frankenstein-Dracula' variation"]
[ECO "C27"]
[NIC "VG.02"]
[Time "17:13:50"]
[TimeControl "120+12"]

1. e4 e5 2. Nc3 Nf6 3. Bc4 Nxe4 4. Qh5 Nd6 5. Bb3 Nc6 6. Nb5 g6 7. Qf3 f5 8.
Qd5 Qe7 9. Nxc7+ Kd8 10. Nxa8 b6 11. Ba4 Bb7 12. Nxb6 axb6 13. Qb3 Kc7 14.
Ne2 Na5 15. Qg3 Bc6 16. Bxc6 dxc6 17. f3 Bh6 18. d3 Bxc1 19. Rxc1 Re8 20. b4
Nab7 21. O-O g5 22. Rce1 h5 23. f4 exf4 24. Nxf4 Qf6 25. Rxe8 Nxe8 26. Nd5+
{Black resigns}
1-0

[Event "GambitGuide"]
[Site "Internet Chess Club"]
[Date "2014.10.30"]
[Round "1"]
[White "JSBach"]
[Black "Zheus"]
[Result "1-0"]
[ICCResult "Black resigns"]
[WhiteElo "1651"]
[BlackElo "2019"]
[Opening "Vienna: `Frankenstein-Dracula' variation"]
[ECO "C27"]
[NIC "VG.02"]
[Time "17:15:27"]
[TimeControl "120+12"]

1. e4 e5 2. Nc3 Nf6 3. Bc4 Nxe4 4. Qh5 Nd6 5. Bb3 Nc6 6. Nb5 g6 7. Qf3 f5 8.
Qd5 Qe7 9. Nxc7+ Kd8 10. Nxa8 b6 11. Ba4 Bb7 12. Nxb6 axb6 13. Qb3 Kc7 14.
Ne2 Na5 15. Qg3 Ne4 16. Qh3 Qb4 17. b3 b5 18. c3 Qc5 19. d4 exd4 20. Bf4+
Bd6 21. b4 Qb6 22. bxa5 Qxa5 23. Bxd6+ Nxd6 24. Bc2 {Black resigns} 1-0

[Event "GambitGuide"]
[Site "Internet Chess Club"]
[Date "2014.10.30"]
[Round "1"]
[White "JSBach"]
[Black "dnmuscg"]
[Result "1-0"]
[ICCResult "Black resigns"]
[WhiteElo "1651"]
[BlackElo "1659"]
[Opening "Vienna: `Frankenstein-Dracula' variation"]
[ECO "C27"]
[NIC "VG.02"]
[Time "17:15:43"]
[TimeControl "120+12"]

1. e4 e5 2. Nc3 Nf6 3. Bc4 Nxe4 4. Qh5 Nd6 5. Bb3 Nc6 6. Nb5 g6 7. Qf3 f5 8.
Qd5 Qe7 9. Nxc7+ Kd8 10. Nxa8 b6 11. Ba4 Bb7 12. Nxb6 axb6 13. Qb3 b5 14.
Nf3 Bg7 15. Bxb5 Nxb5 16. Qxb5 Qd6 17. Qxb7 {Black resigns} 1-0

[Event "GambitGuide"]
[Site "Internet Chess Club"]
[Date "2014.10.30"]
[Round "1"]
[White "JSBach"]
[Black "Heian"]
[Result "0-1"]
[ICCResult "White checkmated"]
[WhiteElo "1651"]
[BlackElo "1529"]
[Opening "Vienna: `Frankenstein-Dracula' variation"]
[ECO "C27"]
[NIC "VG.02"]
[Time "17:13:34"]
[TimeControl "120+12"]

1. e4 e5 2. Nc3 Nf6 3. Bc4 Nxe4 4. Qh5 Nd6 5. Bb3 Nc6 6. Nb5 g6 7. Qf3 f5 8.
Qd5 Qe7 9. Nxc7+ Kd8 10. Nxa8 b6 11. Ba4 Bb7 12. Nxb6 axb6 13. Qb3 Kc7 14.
Ne2 Nc8 15. Qb5 Bg7 16. Nc3 Qd6 17. Nd5+ Kb8 18. Nxb6 Rd8 19. O-O Nd4 20.
Nxd7+ Kc7 21. Qc4+ Bc6 22. Nc5 Bxa4 23. Ne6+ Kd7 24. Nxd8 Bc6 25. Nxc6 Nxc6
26. Qg8 Qf6 27. Qxh7 e4 28. Qg8 N8e7 29. Qc4 Ne5 30. Qc5 N7c6 31. d4 exd3
32. f4 Ng4 33. Qd5+ Kc7 34. cxd3 Ne7 35. Qc4+ Kd8 36. Re1 Qb6+ 37. d4 Bxd4+
38. Kf1 Bf6 39. Rd1+ Ke8 40. Qa4+ Kf7 41. Qc4+ Kg7 42. Qe2 Nc6 43. g3 Nd4
44. Qd2 Qb5+ 45. Kg2 Qc6+ 46. Kh3 Qf3 47. Qxd4 Nf2+ 48. Qxf2 Qxf2 49. Rb1
Qe2 50. Rd7+ Kh6 51. Bd2 Bg7 52. b3 Kh5 53. a4 Qg4+ 54. Kg2 Qe2+ 55. Kg1 Bf8
56. Rc1 Kg4 57. a5 Bh6 58. Rd6 Kh3 59. Rxg6 Qg2# {White checkmated} 0-1

[Event "GambitGuide"]
[Site "Internet Chess Club"]
[Date "2014.10.30"]
[Round "1"]
[White "JSBach"]
[Black "Zheus"]
[Result "1-0"]
[ICCResult "Black resigns"]
[WhiteElo "1651"]
[BlackElo "2019"]
[Opening "Vienna: `Frankenstein-Dracula' variation"]
[ECO "C27"]
[NIC "VG.02"]
[Time "17:16:02"]
[TimeControl "120+12"]

1. e4 e5 2. Nc3 Nf6 3. Bc4 Nxe4 4. Qh5 Nd6 5. Bb3 Nc6 6. Nb5 g6 7. Qf3 f5 8.
Qd5 Qe7 9. Nxc7+ Kd8 10. Nxa8 b6 11. Ba4 Bb7 12. Nxb6 axb6 13. Qb3 Kc7 14.
Ne2 Na5 15. Qg3 Ne4 16. Qh3 Qb4 17. b3 b5 18. c3 Qc5 19. d4 exd4 20. Bf4+
Bd6 21. b4 Qc4 22. Bxb5 Qxb5 23. Nxd4 Qc4 24. Bxd6+ Nxd6 25. bxa5 Re8+ 26.
Kd1 Ne4 27. Kc2 Bc6 28. Nxc6 dxc6 29. Qxh7+ Kb8 30. Rab1+ Kc8 31. Qb7+ Kd8
32. Rhd1+ {Black resigns} 1-0

[Event "GambitGuide"]
[Site "Internet Chess Club"]
[Date "2014.10.30"]
[Round "1"]
[White "JSBach"]
[Black "JUGGERNOT"]
[Result "0-1"]
[ICCResult "White checkmated"]
[WhiteElo "1651"]
[BlackElo "1786"]
[Opening "Vienna: `Frankenstein-Dracula' variation"]
[ECO "C27"]
[NIC "VG.02"]
[Time "17:12:01"]
[TimeControl "120+12"]

1. e4 e5 2. Nc3 Nf6 3. Bc4 Nxe4 4. Qh5 Nd6 5. Bb3 Nc6 6. Nb5 g6 7. Qf3 f5 8.
Qd5 Qe7 9. Nxc7+ Kd8 10. Nxa8 b6 11. Ba4 Bb7 12. Nxb6 axb6 13. Qb3 b5 14.
Nf3 bxa4 15. Qxa4 Nc8 16. Qb5 Qb4 17. a4 Qxb5 18. axb5 Nd4 19. Nxd4 exd4 20.
f3 Bc5 21. Kd1 Kc7 22. h4 Kb6 23. h5 g5 24. c4 d3 25. Re1 g4 26. Rf1 gxf3
27. gxf3 Rg8 28. Ke1 Rg1 29. Rxg1 Bxg1 30. Kf1 Bd4 31. Kg2 Nd6 32. Ra4 Kc5
33. b3 Nc8 34. Kg3 Be5+ 35. f4 Bd4 36. Ra3 Kb4 37. Kh4 Bf6+ 38. Kg3 Nd6 39.
Kh3 Ne4 40. Ra7 Nd6 41. Ba3+ Kxb3 42. Bxd6 Be4 43. c5 Kc2 44. Rxd7 Kxd2 45.
h6 Kc2 46. Bf8 d2 47. Bg7 Bc3 48. Kh2 Bb4 49. c6 d1=Q 50. Rxd1 Kxd1 51. c7
Bb7 52. Be5 Kd2 53. Kh3 Kd3 54. Kh2 Kc4 55. Bh8 Kxb5 56. Be5 Kc6 57. Kg1 Bd6
58. Kh2 Bxe5 59. fxe5 Kd5 60. e6 Kxe6 61. Kg3 Ke5 62. Kh4 Ke4 63. Kh3 f4 64.
Kg2 Ke3+ 65. Kh2 Ke2 66. c8=Q Bxc8 67. Kg2 f3+ 68. Kg1 f2+ 69. Kg2 f1=Q+ 70.
Kh2 Qf4+ 71. Kg1 Qg3+ 72. Kh1 Bb7# {White checkmated} 0-1

[Event "GambitGuide"]
[Site "Internet Chess Club"]
[Date "2014.10.30"]
[Round "1"]
[White "JSBach"]
[Black "sath"]
[Result "1-0"]
[ICCResult "Black resigns"]
[WhiteElo "1651"]
[BlackElo "1427"]
[Opening "Vienna: `Frankenstein-Dracula' variation"]
[ECO "C27"]
[NIC "VG.02"]
[Time "17:17:14"]
[TimeControl "120+12"]

1. e4 e5 2. Nc3 Nf6 3. Bc4 Nxe4 4. Qh5 Nd6 5. Bb3 Nc6 6. Nb5 g6 7. Qf3 f5 8.
Qd5 Qe7 9. Nxc7+ Kd8 10. Nxa8 b6 11. Ba4 Bb7 12. Nxb6 axb6 13. Qb3 Kc7 14.
Ne2 Qe6 15. Qxe6 dxe6 16. d3 Nd4 17. f3 Nxe2 18. Kxe2 b5 19. Bb3 Kc6 20.
Bxe6 Be7 21. a4 bxa4 22. Rxa4 Kb5 23. Ra1 Bc6 24. c4+ Kc5 25. Ra5+ Kb6 26.
Rxe5 Nxc4 27. dxc4 Bxf3+ 28. Kxf3 Bf6 29. Re2 Bd4 30. Rd1 {Black resigns}
1-0

[Event "GambitGuide"]
[Site "Internet Chess Club"]
[Date "2014.10.30"]
[Round "1"]
[White "JSBach"]
[Black "Selfoss"]
[Result "1-0"]
[ICCResult "Black resigns"]
[WhiteElo "1651"]
[BlackElo "1316"]
[Opening "Vienna: `Frankenstein-Dracula' variation"]
[ECO "C27"]
[NIC "VG.02"]
[Time "17:16:38"]
[TimeControl "120+12"]

1. e4 e5 2. Nc3 Nf6 3. Bc4 Nxe4 4. Qh5 Nd6 5. Bb3 Nc6 6. Nb5 g6 7. Qf3 f5 8.
Qd5 Qe7 9. Nxc7+ Kd8 10. Nxa8 b6 11. Ba4 Bb7 12. Nxb6 axb6 13. Qb3 Kc7 14.
Ne2 Bg7 15. Qf3 Nd4 16. Qc3+ Nc6 17. Qd3 e4 18. Qe3 g5 19. Nc3 f4 20. Nd5+
Kd8 21. Qxb6+ {Black resigns} 1-0

[Event "GambitGuide"]
[Site "Internet Chess Club"]
[Date "2014.10.30"]
[Round "1"]
[White "JSBach"]
[Black "Zheus"]
[Result "1-0"]
[ICCResult "Black resigns"]
[WhiteElo "1651"]
[BlackElo "2019"]
[Opening "Vienna: `Frankenstein-Dracula' variation"]
[ECO "C27"]
[NIC "VG.02"]
[Time "17:16:56"]
[TimeControl "120+12"]

1. e4 e5 2. Nc3 Nf6 3. Bc4 Nxe4 4. Qh5 Nd6 5. Bb3 Nc6 6. Nb5 g6 7. Qf3 f5 8.
Qd5 Qe7 9. Nxc7+ Kd8 10. Nxa8 b6 11. Ba4 Bb7 12. Nxb6 axb6 13. Qb3 Kc7 14.
Ne2 Na5 15. Qg3 Ne4 16. Qh3 Qb4 17. b3 b5 18. c3 Qc5 19. d4 exd4 20. Bf4+
Bd6 21. b4 Qc4 22. Bxd6+ Nxd6 23. Bb3 Nxb3 24. axb3 Qxb3 25. Nxd4 Re8+ 26.
Kf1 Qc4+ 27. Kg1 h5 28. Qg3 Qd5 29. Rd1 Qe4 30. Nxb5+ Kc8 31. Nxd6+
{Black resigns}
1-0

[Event "GambitGuide"]
[Site "Internet Chess Club"]
[Date "2014.10.30"]
[Round "1"]
[White "JSBach"]
[Black "sath"]
[Result "1-0"]
[ICCResult "Black resigns"]
[WhiteElo "1651"]
[BlackElo "1427"]
[Opening "Vienna: `Frankenstein-Dracula' variation"]
[ECO "C27"]
[NIC "VG.02"]
[Time "17:18:04"]
[TimeControl "120+12"]

1. e4 e5 2. Nc3 Nf6 3. Bc4 Nxe4 4. Qh5 Nd6 5. Bb3 Nc6 6. Nb5 g6 7. Qf3 f5 8.
Qd5 Qe7 9. Nxc7+ Kd8 10. Nxa8 b6 11. Ba4 Bb7 12. Nxb6 axb6 13. Qb3 Kc7 14.
Ne2 Qe6 15. Qxe6 dxe6 16. O-O h5 17. Re1 h4 18. f4 e4 19. Bb3 Kd7 20. a4 h3
21. g3 Be7 22. Rb1 g5 23. Kh1 gxf4 24. Nxf4 e5 25. Nd5 Nd8 26. Nxb6+ Kc6 27.
Nd5 Kc5 28. Nxe7 {Black resigns} 1-0

[Event "GambitGuide"]
[Site "Internet Chess Club"]
[Date "2014.10.30"]
[Round "1"]
[White "JSBach"]
[Black "Heian"]
[Result "0-1"]
[ICCResult "White checkmated"]
[WhiteElo "1651"]
[BlackElo "1529"]
[Opening "Vienna: `Frankenstein-Dracula' variation"]
[ECO "C27"]
[NIC "VG.02"]
[Time "17:16:59"]
[TimeControl "120+12"]

1. e4 e5 2. Nc3 Nf6 3. Bc4 Nxe4 4. Qh5 Nd6 5. Bb3 Nc6 6. Nb5 g6 7. Qf3 f5 8.
Qd5 Qe7 9. Nxc7+ Kd8 10. Nxa8 b6 11. Ba4 Bb7 12. Nxb6 axb6 13. Qb3 Nc8 14.
Rb1 Kc7 15. Qc4 Bg7 16. c3 e4 17. Ne2 Kb8 18. Qd5 Ne5 19. Qb5 Bc6 20. Qa6
Bb7 21. Qb5 Nd3+ 22. Kf1 Bc6 23. Qc4 Qh4 24. Ng3 Qf4 25. f3 Nd6 26. Qa6 exf3
27. Qxb6+ Nb7 28. Bxc6 fxg2+ 29. Kxg2 dxc6 30. Qxc6 Qf2+ 31. Kh3 Nf4+ 32.
Kh4 Ng2+ 33. Kh3 Nf4+ 34. Kh4 Rf8 35. d4 Bf6+ 36. Qxf6 Rxf6 37. Bxf4+ Qxf4+
38. Kh3 g5 39. Rhe1 Qg4+ 40. Kg2 f4 41. Re8+ Ka7 42. Re4 Nd6 43. Re7+ Kb6
44. Rxh7 fxg3 45. Re7 gxh2+ 46. Kh1 Rf2 47. Rb7+ Kxb7 48. a4 Qg2#
{White checkmated}
0-1

[Event "GambitGuide"]
[Site "Internet Chess Club"]
[Date "2014.10.30"]
[Round "1"]
[White "JSBach"]
[Black "Selfoss"]
[Result "1-0"]
[ICCResult "Black resigns"]
[WhiteElo "1651"]
[BlackElo "1316"]
[Opening "Vienna: `Frankenstein-Dracula' variation"]
[ECO "C27"]
[NIC "VG.02"]
[Time "17:18:17"]
[TimeControl "120+12"]

1. e4 e5 2. Nc3 Nf6 3. Bc4 Nxe4 4. Qh5 Nd6 5. Bb3 Nc6 6. Nb5 g6 7. Qf3 f5 8.
Qd5 Qe7 9. Nxc7+ Kd8 10. Nxa8 b6 11. Ba4 Bb7 12. Nxb6 axb6 13. Qb3 Kc7 14.
Ne2 Bg7 15. Nc3 Qe6 16. Nd5+ Kc8 17. Nxb6+ Kc7 18. Qe3 Nd4 19. Nxd7 Bc6 20.
Nc5 Qd5 21. Qc3 Bxa4 22. Nxa4+ Kd7 23. Nb6+ Ke6 24. Nxd5 Kxd5 25. a4 Rc8 26.
Qd3 Ke6 27. c3 e4 28. Qb1 {Black resigns} 1-0

[Event "GambitGuide"]
[Site "Internet Chess Club"]
[Date "2014.10.30"]
[Round "1"]
[White "JSBach"]
[Black "Igor2"]
[Result "1-0"]
[ICCResult "Black checkmated"]
[WhiteElo "1651"]
[BlackElo "1400"]
[Opening "Vienna: `Frankenstein-Dracula' variation"]
[ECO "C27"]
[NIC "VG.02"]
[Time "17:14:18"]
[TimeControl "120+12"]

1. e4 e5 2. Nc3 Nf6 3. Bc4 Nxe4 4. Qh5 Nd6 5. Bb3 Nc6 6. Nb5 g6 7. Qf3 f5 8.
Qd5 Qe7 9. Nxc7+ Kd8 10. Nxa8 b6 11. Ba4 b5 12. Bxb5 Nxb5 13. Qxb5 e4 14.
Ne2 g5 15. d3 f4 16. dxe4 h6 17. f3 g4 18. Bxf4 Qh4+ 19. Bg3 Qg5 20. Qxg5+
hxg5 21. Bc7+ Ke7 22. Ng3 gxf3 23. gxf3 Nd4 24. Nf5+ Nxf5 25. exf5 Bg7 26.
O-O-O Bh6 27. Rhe1+ Kf7 28. Bd6 g4+ 29. f4 Ba6 30. Nc7 Kf6 31. Nxa6 Kxf5 32.
Rd5+ Kf6 33. Be5+ Ke6 34. Nc7+ Kf7 35. Rxd7+ Kg6 36. Bxh8 Kh5 37. Re5+ Kh4
38. Bf6+ Kh3 39. Rh5+ Kg2 40. Rxh6 Kf3 41. Rd4 g3 42. f5 g2 43. Rh3+ Kf2 44.
Bh4+ Kg1 45. Rd1# {Black checkmated} 1-0

[Event "GambitGuide"]
[Site "Internet Chess Club"]
[Date "2014.10.30"]
[Round "1"]
[White "JSBach"]
[Black "AlCapawn"]
[Result "1-0"]
[ICCResult "Black resigns"]
[WhiteElo "1651"]
[BlackElo "1459"]
[Opening "Vienna: `Frankenstein-Dracula' variation"]
[ECO "C27"]
[NIC "VG.02"]
[Time "17:17:40"]
[TimeControl "120+12"]

1. e4 e5 2. Nc3 Nf6 3. Bc4 Nxe4 4. Qh5 Nd6 5. Bb3 Nc6 6. Nb5 g6 7. Qf3 f5 8.
Qd5 Qe7 9. Nxc7+ Kd8 10. Nxa8 b6 11. Ba4 Bb7 12. Nxb6 axb6 13. Qb3 Kc7 14.
Ne2 Nd4 15. Nxd4 exd4+ 16. Kf1 Bg7 17. Rg1 Re8 18. Qe3 dxe3 19. dxe3 f4 20.
Bb3 fxe3 21. Bxe3 Nf5 22. Re1 Nxe3+ 23. Rxe3 Qd8 24. Rh3 Ba6+ 25. c4 Bxb2
26. Rxh7 Qf6 27. a3 Rf8 28. f3 Qc3 29. Bd1 Qd3+ 30. Be2 Qb1+ 31. Kf2 Bd4+
32. Kg3 Be5+ 33. Kh3 Qb2 34. Re1 Bf6 35. Bf1 g5 36. Rd1 Qxa3 37. Rhxd7+ Kc6
38. R7d6+ Kc5 39. R1d5+ Kb4 40. Rxb6+ Kc3 41. Rd3+ Kxc4 42. Rxa3+ Kc5 43.
Raxa6 {Black resigns} 1-0

[Event "GambitGuide"]
[Site "Internet Chess Club"]
[Date "2014.10.30"]
[Round "1"]
[White "JSBach"]
[Black "hotspicypawns"]
[Result "1-0"]
[ICCResult "Black resigns"]
[WhiteElo "1651"]
[BlackElo "1373"]
[Opening "Vienna: `Frankenstein-Dracula' variation"]
[ECO "C27"]
[NIC "VG.02"]
[Time "17:18:03"]
[TimeControl "120+12"]

1. e4 e5 2. Nc3 Nf6 3. Bc4 Nxe4 4. Qh5 Nd6 5. Bb3 Nc6 6. Nb5 g6 7. Qf3 f5 8.
Qd5 Qe7 9. Nxc7+ Kd8 10. Nxa8 b6 11. Ba4 b5 12. Bxb5 Nxb5 13. Qxb5 Nd4 14.
Qa5+ Ke8 15. Nc7+ Kf7 16. Qc3 d5 17. Nxd5 Bb7 18. Nxe7 Bxe7 19. Qc4+ Kf6 20.
Ne2 Nxe2 21. Kxe2 Bxg2 22. Re1 {Black resigns} 1-0

[Event "GambitGuide"]
[Site "Internet Chess Club"]
[Date "2014.10.30"]
[Round "1"]
[White "JSBach"]
[Black "dnmuscg"]
[Result "1-0"]
[ICCResult "Black resigns"]
[WhiteElo "1651"]
[BlackElo "1659"]
[Opening "Vienna: `Frankenstein-Dracula' variation"]
[ECO "C27"]
[NIC "VG.02"]
[Time "17:16:31"]
[TimeControl "120+12"]

1. e4 e5 2. Nc3 Nf6 3. Bc4 Nxe4 4. Qh5 Nd6 5. Bb3 Nc6 6. Nb5 g6 7. Qf3 f5 8.
Qd5 Qe7 9. Nxc7+ Kd8 10. Nxa8 b6 11. Ba4 Bb7 12. Nxb6 axb6 13. Qb3 b5 14.
Nf3 Bg7 15. Bxb5 Nxb5 16. Qxb5 Qb4 17. a4 Qxb5 18. axb5 Nb4 19. Kd1 e4 20.
Ng5 Bd5 21. Ra4 h6 22. Rxb4 hxg5 23. d4 exd3 24. Bxg5+ Kc7 25. b6+ Kb7 26.
f3 dxc2+ 27. Kxc2 Rc8+ 28. Kd3 {Black resigns} 1-0

[Event "GambitGuide"]
[Site "Internet Chess Club"]
[Date "2014.10.30"]
[Round "1"]
[White "JSBach"]
[Black "MorningRunner"]
[Result "1-0"]
[ICCResult "Black checkmated"]
[WhiteElo "1651"]
[BlackElo "1885"]
[Opening "Vienna: `Frankenstein-Dracula' variation"]
[ECO "C27"]
[NIC "VG.02"]
[Time "17:18:30"]
[TimeControl "120+12"]

1. e4 e5 2. Nc3 Nf6 3. Bc4 Nxe4 4. Qh5 Nd6 5. Bb3 Nc6 6. Nb5 g6 7. Qf3 f5 8.
Qd5 Qe7 9. Nxc7+ Kd8 10. Nxa8 b6 11. Ba4 Bb7 12. Nxb6 axb6 13. Qb3 Kc7 14.
Ne2 Bg7 15. a3 Rf8 16. Nc3 Nd4 17. Nd5+ Bxd5 18. Qxd5 Nb7 19. d3 Nc5 20. Qc4
Kb7 21. Be3 Rc8 22. Qb4 f4 23. Bxd4 exd4+ 24. Kf1 Qg5 25. Re1 f3 26. gxf3
Rf8 27. Rg1 Qf4 28. Rg3 h5 29. Rxg6 Qxf3 30. Rxb6+ Kc7 31. Qxc5+ Kd8 32.
Rb8# {Black checkmated} 1-0

[Event "GambitGuide"]
[Site "Internet Chess Club"]
[Date "2014.10.30"]
[Round "1"]
[White "JSBach"]
[Black "Zheus"]
[Result "1-0"]
[ICCResult "Black resigns"]
[WhiteElo "1651"]
[BlackElo "2019"]
[Opening "Vienna: `Frankenstein-Dracula' variation"]
[ECO "C27"]
[NIC "VG.02"]
[Time "17:18:32"]
[TimeControl "120+12"]

1. e4 e5 2. Nc3 Nf6 3. Bc4 Nxe4 4. Qh5 Nd6 5. Bb3 Nc6 6. Nb5 g6 7. Qf3 f5 8.
Qd5 Qe7 9. Nxc7+ Kd8 10. Nxa8 b6 11. Ba4 Bb7 12. Nxb6 axb6 13. Qb3 Kc7 14.
Ne2 Na5 15. Qg3 Ne4 16. Qh3 Qb4 17. Qa3 Qxa3 18. bxa3 d5 19. d3 Nc5 20. Be8
Bd6 21. Bb5 Bc6 22. Bxc6 Kxc6 23. d4 Ne4 24. f3 Nf6 25. Bg5 Nd7 26. a4 e4
27. Rf1 Re8 28. Kf2 Nc4 29. fxe4 fxe4 30. Bh6 Bf8 31. Bf4 Bg7 32. Rab1 Rf8
33. Kg3 h6 34. Kg4 g5 35. Bxg5 hxg5 36. Rxf8 Bxf8 37. Kxg5 Be7+ 38. Kf5 Ne3+
39. Ke6 Bd6 40. g3 Nxc2 41. Rc1 {Black resigns} 1-0

[Event "GambitGuide"]
[Site "Internet Chess Club"]
[Date "2014.10.30"]
[Round "1"]
[White "JSBach"]
[Black "Dagon2003"]
[Result "1-0"]
[ICCResult "Black checkmated"]
[WhiteElo "1651"]
[BlackElo "764"]
[Opening "Vienna: `Frankenstein-Dracula' variation"]
[ECO "C27"]
[NIC "VG.02"]
[Time "17:17:17"]
[TimeControl "120+12"]

1. e4 e5 2. Nc3 Nf6 3. Bc4 Nxe4 4. Qh5 Nd6 5. Bb3 Nc6 6. Nb5 g6 7. Qf3 f5 8.
Qd5 Qe7 9. Nxc7+ Kd8 10. Nxa8 b6 11. Ba4 b5 12. Bxb5 Nxb5 13. Qxb5 Qc5 14.
Qxc5 Bxc5 15. d3 e4 16. dxe4 fxe4 17. Bg5+ Ke8 18. c4 Bb4+ 19. Kd1 Nd4 20.
Bf6 Rf8 21. Nc7+ Kf7 22. Bxd4 Bd6 23. Nb5 Bf4 24. Nxa7 Re8 25. Nxc8 Rxc8 26.
b3 Rc6 27. a4 Rf6 28. Bxf6 Kxf6 29. a5 Bb8 30. b4 Be5 31. a6 Bxa1 32. a7 Be5
33. a8=Q Bf4 34. Qf8+ Kg5 35. Nh3+ Kg4 36. Qxf4+ Kh5 37. Qg5# {Black
checkmated} 1-0